 Dungeon Sprint DCSS version 0.17-a0-1468-gbf503c2 (webtiles) character file.

12071 pulse the Fencer (level 12, -7/105 HPs)
             Began as a Formicid Fighter on July 1, 2015.
             Was the Champion of Trog.
             Mangled by an orc knight
             ... wielding a +0 war axe
              (16 damage)
             ... in the Dungeon (Sprint IX: "|||||||||||||||||||||||||||||").
             The game lasted 00:06:21 (2677 turns).

pulse the Fencer (Formicid Fighter)                 Turns: 2677, Time: 00:06:21

Health: -7/105     AC: 18    Str: 27    XL:     12   Next: 15%
Magic:  4/4        EV: 10    Int: 10    God:    Trog [******]
Gold:   1276       SH: 14    Dex: 13    Spells: 0 memorised, 11 levels left

rFire  . . .     SeeInvis +     y - +3 demon blade (antimagic)
rCold  . . .     Clarity  .     p - +0 plate armour
rNeg   . . .     SustAt   .     c - +0 shield
rPois  .         Gourm    .     (helmet unavailable)
rElec  .         Spirit   .     o - +0 cloak
rCorr  .         Warding  .     (no gloves)
rMut   .         Stasis   +     (no boots)
MR     +....                    (no amulet)
Stlth  ..........               r - +3 ring of strength
                                q - +3 ring of dexterity

@: very slightly contaminated, invisible, somewhat resistant to hostile
enchantments, extremely unstealthy
A: permanent stasis, dig shafts and tunnels, four strong arms, antennae 3
a: Dig, Burn Spellbooks, Trog's Hand, Brothers in Arms, Renounce Religion


You were in the Dungeon.
You worshipped Trog.
Trog was exalted by your worship.
You were not hungry.

You visited 1 branch You collected 1276 gold pieces.

Inventory:

Hand weapons
 e - a +2 antimagic great sword
 y - a +3 antimagic demon blade (weapon)
 B - a +4 antimagic falchion
Armour
 c - a +0 shield (worn)
 o - a +0 cloak (worn)
 p - a +0 plate armour (worn)
Jewellery
 q - a +3 ring of dexterity (left hand)
 r - a +3 ring of strength (right hand)
Magical devices
 n - a wand of cold (2)
Scrolls
 k - 4 scrolls of blinking
 m - 3 scrolls of remove curse
 u - 2 scrolls of fear
 v - 2 scrolls of enchant weapon
Potions
 a - a potion of resistance
 b - a potion of brilliance
 d - a potion of cure mutation
 f - 4 potions of curing
 h - a potion of haste
 i - 4 potions of magic
 j - a potion of berserk rage
Miscellaneous
 t - a sack of spiders
Comestibles
 w - 13 bread rations
 x - a beef jerky
 z - 40 fruits
 A - 11 meat rations


   Skills:
 + Level 13.4 Fighting
 * Level 17.8 Long Blades
 + Level 14.0 Armour
 + Level 5.5 Dodging
 + Level 1.8 Stealth
 + Level 14.6 Shields
 + Level 1.3 Evocations


You had 11 spell levels left.
You didn't know any spells.

Dungeon Overview and Level Annotations

Branches:
Dungeon (1/1)

Altars:
Cheibriados
Dithmenos
Elyvilon
Fedhas
Gozag
Kikubaaqudgha
Makhleb
Nemelex Xobeh
Okawaru
Qazlal
Ru
Sif Muna
Trog
Vehumet
Xom
Yredelemnul
Zin
The Shining One
Beogh
Jiyva
Lugonu

Shops:
D }*=:


Innate Abilities, Weirdness & Mutations

You are under a permanent stasis effect.
You can dig through walls and to a lower floor.
Your four strong arms can wield two-handed weapons with a shield.
You have a pair of large antennae on your head (SInv).


Message History

The orc high priest prays to Beogh.
An orc knight comes into view. It is wielding a dire flail.
You barely miss the orc knight.
The orc knight is moderately wounded.
The orc knight shouts!
You closely miss the orc knight.
The orc knight is moderately wounded.
The orc high priest calls upon Beogh to heal the orc knight.
The orc knight is healed somewhat.
The orc high priest utters an invocation to Beogh.
You block the orc knight's attack.
You hit the orc knight.
The orc knight is moderately wounded.
The orc knight shouts!
The soul eater draws from the surrounding life force!
* * * LOW HITPOINT WARNING * * *
You slash the orc knight!
The orc knight is heavily wounded.
The orc knight hits you with an uncursed war axe!
You die... { {{{{{{{{{{{{{{{

▓▓▓▓▓▓▓▓▓▓▓▓▓▓▓▓▓▓▓▓▓▓▓▓
))()()))..)))))(@oo333oo {{{
▓▓▓▓▓▓▓▓▓▓▓▓▓▓▓▓▓▓▓▓▓▓▓▓▓▓▓▓▓▓▓▓▓
.....................(((.(.......
▓▓▓▓▓▓▓▓▓▓▓▓▓▓▓▓▓▓▓▓▓▓▓▓▓▓▓▓▓▓▓▓▓
)†††.......'†††.....?...'..[[[[..
▓▓▓▓▓▓▓▓▓▓▓▓▓▓▓▓▓▓▓▓▓▓▓▓▓▓▓▓▓▓▓▓▓
.................................
▓▓▓▓▓▓▓▓▓▓▓▓▓▓▓▓▓▓▓▓▓▓▓▓▓▓▓▓▓▓▓▓▓
_________'.?|)[[...)......)......


You could see 2 orc knights, a soul eater, 2 orc high priests, a sun demon and a
chaos spawn.

Vanquished Creatures
  A tengu warrior (D)
  Sonja (D)
  4 orc high priests (D)
  7 orc knights (D)
  A lindwurm (D)
  Maurice (D)
  A gargoyle (D)
  A spiny frog (D)
  A polar bear (D)
  A troll (D)
  A slime creature (D)
  A yak (D)
  3 hippogriffs (D)
  2 basilisks (D)
  A wolf (D)
  4 water moccasins (D)
  2 porcupines (D)
  10 orc warriors (D)
  A crocodile (D)
  An ogre (D)
  4 brain worms (D)
  4 giant frogs (D)
  A scorpion (D)
  A crimson imp (D)
  A jelly (D)
  3 orc priests (D)
  A worker ant (D)
  4 orc wizards (D)
  An adder (D)
  3 worms (D)
  A giant gecko (D)
  6 orcs (D)
  A goblin (D)
  A giant newt (D)
  3 kobolds (D)
  3 rats (D)
83 creatures vanquished.

Notes
Turn   | Place    | Note
--------------------------------------------------------------
     0 | D        | pulse the Formicid Fighter began the quest for the Orb.
     0 | D        | Reached XP level 1. HP: 18/18 MP: 1/1
     9 | D        | Reached skill level 4 in Shields
   106 | D        | Noticed an orc wizard
   106 | D        | Noticed a worker ant
   117 | D        | Killed an orc wizard
   117 | D        | Reached skill level 5 in Armour
   117 | D        | Reached skill level 5 in Shields
   117 | D        | Reached XP level 2. HP: 11/26 MP: 2/2
   117 | D        | Reached XP level 3. HP: 13/31 MP: 3/3
   125 | D        | Killed a worker ant
   125 | D        | Reached skill level 5 in Fighting
   125 | D        | Reached skill level 1 in Dodging
   125 | D        | Reached XP level 4. HP: 5/39 MP: 4/4
   262 | D        | Found a glowing silver altar of Zin.
   262 | D        | Found a glowing golden altar of the Shining One.
   262 | D        | Found an ancient bone altar of Kikubaaqudgha.
   262 | D        | Found a basalt altar of Yredelemnul.
   262 | D        | Found a shimmering altar of Xom.
   262 | D        | Found a radiant altar of Vehumet.
   323 | D        | Found an iron altar of Okawaru.
   347 | D        | Found a burning altar of Makhleb.
   348 | D        | Found a deep blue altar of Sif Muna.
   349 | D        | Found a bloodstained altar of Trog.
   350 | D        | Found a sparkling altar of Nemelex Xobeh.
   351 | D        | Found a white marble altar of Elyvilon.
   352 | D        | Found a roughly hewn altar of Beogh.
   353 | D        | Found a viscous altar of Jiyva.
   354 | D        | Found a corrupted altar of Lugonu.
   355 | D        | Found a blossoming altar of Fedhas.
   356 | D        | Found a snail-covered altar of Cheibriados.
   357 | D        | Became a worshipper of Trog the Wrathful
   358 | D        | Found a shadowy altar of Dithmenos.
   359 | D        | Found a stormy altar of Qazlal.
   360 | D        | Found an opulent altar of Gozag.
   361 | D        | Found a sacrificial altar of Ru.
   418 | D        | Noticed an ogre
   418 | D        | Noticed a jelly
   418 | D        | Noticed a yak
   418 | D        | Noticed a crimson imp
   421 | D        | Killed an ogre
   421 | D        | Reached skill level 6 in Fighting
   421 | D        | Reached XP level 5. HP: 33/46 MP: 5/5
   423 | D        | Killed a jelly
   423 | D        | Reached skill level 5 in Long Blades
   423 | D        | Reached skill level 7 in Armour
   428 | D        | Acquired Trog's first power
   445 | D        | Killed a yak
   445 | D        | Reached skill level 8 in Armour
   445 | D        | Reached XP level 6. HP: 35/55 MP: 6/6
   446 | D        | Killed a crimson imp
   446 | D        | Acquired Trog's second power
   446 | D        | Reached skill level 9 in Armour
   446 | D        | Reached XP level 7. HP: 38/61 MP: 7/7
   515 | D        | Noticed a gargoyle
   515 | D        | Noticed a slime creature
   515 | D        | Noticed a giant frog
   515 | D        | Noticed a scorpion
   515 | D        | Noticed a troll
   515 | D        | Noticed a tengu warrior
   526 | D        | Killed a gargoyle
   526 | D        | Reached skill level 10 in Armour
   530 | D        | Killed a slime creature
   530 | D        | Reached XP level 8. HP: 38/71 MP: 8/8
   533 | D        | Killed a giant frog
   536 | D        | Killed a scorpion
   540 | D        | Killed a troll
   540 | D        | Reached skill level 11 in Armour
   545 | D        | Killed a tengu warrior
   545 | D        | Reached skill level 10 in Long Blades
   545 | D        | Reached skill level 10 in Shields
   545 | D        | Reached XP level 9. HP: 36/78 MP: 9/9
   835 | D        | Noticed a water moccasin
   835 | D        | Noticed a crocodile
   835 | D        | Noticed a basilisk
   835 | D        | Noticed a porcupine
   835 | D        | Noticed a hippogriff
   835 | D        | Noticed a giant frog
   836 | D        | Noticed a spiny frog
   846 | D        | Killed a water moccasin
   846 | D        | Acquired Trog's third power
   846 | D        | Reached skill level 10 in Fighting
   850 | D        | Noticed a hippogriff
   850 | D        | Killed a crocodile
   850 | D        | Reached skill level 12 in Armour
   856 | D        | Killed a basilisk
   857 | D        | Noticed a giant frog
   858 | D        | Killed a porcupine
   866 | D        | Killed a hippogriff
   873 | D        | Killed a spiny frog
   877 | D        | Killed a giant frog
   880 | D        | Killed a hippogriff
   880 | D        | Reached XP level 10. HP: 39/86 MP: 10/10
   883 | D        | Killed a giant frog
  1158 | D        | Noticed a water moccasin
  1158 | D        | Noticed a polar bear
  1158 | D        | Noticed a giant frog
  1158 | D        | Noticed a water moccasin
  1158 | D        | Noticed a wolf
  1158 | D        | Noticed a porcupine
  1160 | D        | Noticed a basilisk
  1172 | D        | Killed a water moccasin
  1177 | D        | Killed a polar bear
  1178 | D        | Noticed a water moccasin
  1186 | D        | Killed a giant frog
  1186 | D        | Received a gift from Trog
  1187 | D        | Noticed a hippogriff
  1189 | D        | Killed a water moccasin
  1189 | D        | Reached skill level 1 in Stealth
  1198 | D        | Killed a wolf
  1205 | D        | Killed a porcupine
  1205 | D        | Reached skill level 13 in Long Blades
  1207 | D        | Killed a basilisk
  1211 | D        | Killed a water moccasin
  1221 | D        | Killed a hippogriff
  1221 | D        | Received a gift from Trog
  1234 | D        | Noticed a brain worm
  1234 | D        | Noticed a brain worm
  1234 | D        | Noticed a brain worm
  1234 | D        | Noticed a brain worm
  1235 | D        | Killed a brain worm
  1241 | D        | Noticed a lindwurm
  1242 | D        | Killed a brain worm
  1242 | D        | Lost intelligence.
  1248 | D        | Killed a brain worm
  1251 | D        | Killed a brain worm
  1259 | D        | Killed a lindwurm
  1259 | D        | Reached skill level 14 in Long Blades
  1259 | D        | Reached skill level 5 in Dodging
  1503 | D        | Noticed Sonja
  1521 | D        | Killed Sonja
  1942 | D        | Noticed Maurice
  1971 | D        | Killed Maurice
  1971 | D        | Reached XP level 11. HP: 86/95 MP: 3/11
  2007 | D        | Noticed an orc wizard
  2007 | D        | Noticed an orc priest
  2007 | D        | Noticed an orc knight
  2007 | D        | Noticed an orc warrior
  2008 | D        | Noticed an orc knight
  2009 | D        | Killed an orc priest
  2009 | D        | Received a gift from Trog
  2012 | D        | Noticed an orc wizard
  2017 | D        | Killed an orc knight
  2020 | D        | Killed an orc warrior
  2023 | D        | Killed an orc wizard
  2030 | D        | Noticed an orc priest
  2042 | D        | Killed an orc knight
  2042 | D        | Reached skill level 15 in Long Blades
  2043 | D        | Noticed an orc priest
  2045 | D        | Killed an orc wizard
  2048 | D        | Received a gift from Trog
  2052 | D        | Received a gift from Trog
  2059 | D        | Killed an orc priest
  2061 | D        | Killed an orc priest
  2336 | D        | Noticed an orc warrior
  2336 | D        | Noticed an orc wizard
  2336 | D        | Noticed an orc warrior
  2336 | D        | Noticed an orc warrior
  2336 | D        | Noticed an orc warrior
  2336 | D        | Noticed an orc warrior
  2342 | D        | Killed an orc warrior
  2342 | D        | Received a gift from Trog
  2344 | D        | Noticed an orc knight
  2347 | D        | Killed an orc warrior
  2349 | D        | Noticed an orc warrior
  2351 | D        | Killed an orc warrior
  2355 | D        | Killed an orc warrior
  2356 | D        | Noticed an orc warrior
  2356 | D        | Noticed an orc warrior
  2373 | D        | Killed an orc knight
  2374 | D        | Noticed an orc warrior
  2376 | D        | Killed an orc warrior
  2381 | D        | Killed an orc warrior
  2387 | D        | Killed an orc warrior
  2387 | D        | Received a gift from Trog
  2395 | D        | Killed an orc warrior
  2395 | D        | Reached skill level 16 in Long Blades
  2398 | D        | Killed an orc wizard
  2398 | D        | Received a gift from Trog
  2403 | D        | Killed an orc warrior
  2403 | D        | Received a gift from Trog
  2548 | D        | Found Zethid's Gadget Emporium.
  2548 | D        | Noticed an orc knight
  2548 | D        | Noticed an orc knight
  2548 | D        | Noticed an orc knight
  2548 | D        | Noticed an orc high priest
  2548 | D        | Noticed an orc high priest
  2557 | D        | Noticed an orc knight
  2564 | D        | Killed an orc knight
  2576 | D        | Killed an orc knight
  2576 | D        | Reached skill level 1 in Evocations
  2584 | D        | Killed an orc knight
  2585 | D        | Found Atidax's Assorted Antiques.
  2588 | D        | Killed an orc high priest
  2591 | D        | Noticed an orc high priest
  2617 | D        | Killed an orc high priest
  2617 | D        | Reached skill level 17 in Long Blades
  2618 | D        | Found Extoudom's Jewellery Emporium.
  2619 | D        | Noticed an orc high priest
  2625 | D        | Noticed an orc knight
  2631 | D        | Noticed an orc high priest
  2645 | D        | Killed an orc knight
  2645 | D        | Received a gift from Trog
  2645 | D        | Reached XP level 12. HP: 20/105 MP: 4/12
  2656 | D        | Noticed a sun demon
  2658 | D        | Killed an orc high priest
  2661 | D        | Noticed a soul eater
  2662 | D        | Killed an orc high priest
  2663 | D        | Found Gizewan's Book Shoppe.
  2669 | D        | Noticed an orc high priest
  2674 | D        | Noticed a sun demon
  2674 | D        | Noticed an orc knight
  2677 | D        | Mangled by an orc knight

Vault maps used:
D:        linesprint

Action                   |  1- 3 |  4- 6 |  7- 9 | 10-12 || total
-------------------------+-------+-------+-------+-------++-------
Melee: Long sword        |    31 |     5 |       |       ||    36
       Scimitar          |       |    27 |    73 |    64 ||   164
       Great sword       |       |       |       |    82 ||    82
       Demon blade       |       |       |       |   169 ||   169
Invok: Trog's Hand       |       |       |       |     1 ||     1
Evoke: Wand              |       |       |     1 |     4 ||     5
  Use: Potion            |       |     1 |     2 |     7 ||    10
 Stab: Fleeing           |       |       |       |     1 ||     1
       Invisible         |       |       |       |     1 ||     1
  Eat: Bread ration      |       |       |       |     1 ||     1
       Meat ration       |       |       |       |     1 ||     1
